Workbook

Sheet PF 2010.2021 HECaa
B1: 2019 | F1: 2020 | J1: 2021 | N1: 2022 | V1: 2023 (Corte a Octubre 2023) | AD1: 2024 (Corte a Diciembre 2024)
B2: PLANTILLAS OPERATIVAS | C2: PF | F2: PLANTILLAS OPERATIVAS | G2: PF | J2: PLANTILLAS OPERATIVAS | K2: PF | M2: No. | N2: PLANTILLAS OPERATIVAS | O2: PF | U2: No. | V2: PLANTILLAS OPERATIVAS | W2: PF | AC2: No. | AD2: PLANTILLAS OPERATIVAS | AE2: PF
A3: 1 | B3: Actividad Cultural | C3: 0.5 | E3: 1 | F3: Actividad Cultural | G3: 0.5 | I3: 1 | J3: Actividad Cultural | K3: 0.5 | M3: 1 | N3: Actividad cultural | O3: 0.5 | U3: 1 | V3: Actividad cultural | W3: 0.5 | AC3: 1 | AD3: Actividad cultural | AE3: 0.5
A4: 2 | B4: Actividad de Bienestar | C4: 0.5 | E4: 2 | F4: Actividad de Bienestar | G4: 0.5 | I4: 2 | J4: Actividad de Bienestar | K4: 0.5 | M4: 2 | N4: Actividad de bienestar | O4: 0.5 | U4: 2 | V4: Actividad de bienestar | W4: 0.5 | AC4: 2 | AD4: Actividad de bienestar | AE4: 0.5
A5: 3 | B5: Actualizar documento inscritos | C5: 0.5 | E5: 3 | F5: Actualizar documento inscritos | G5: 0.5 | I5: 3 | J5: Actualizar documento inscritos | K5: 0.5 | M5: 3 | N5: Actualizar documento inscritos | O5: 0.5 | U5: 3 | V5: Actualizar documento inscritos | W5: 0.5 | AC5: 3 | AD5: Actualizar documento inscritos | AE5: 0.5
A6: 4 | B6: Actualizar documento participante | C6: 0.5 | E6: 4 | F6: Actualizar documento participante | G6: 0.5 | I6: 4 | J6: Actualizar documento participante | K6: 0.5 | M6: 4 | N6: Actualizar documento participante | O6: 0.5 | U6: 4 | V6: Actualizar documento participante | W6: 0.5 | AC6: 4 | AD6: Actualizar documento participante | AE6: 0.5
A7: 5 | B7: Actualizar participante MEN - MDM | C7: 0.5 | E7: 5 | F7: Actualizar participante MEN - MDM | G7: 0.5 | I7: 5 | J7: Actualizar participante MEN - MDM | K7: 0.5 | M7: 5 | N7: Actualizar participante MEN - MDM | O7: 0.5 | U7: 5 | V7: Actualizar participante MEN - MDM | W7: 0.5 | AC7: 5 | AD7: Actualizar participante MEN - MDM | AE7: 0.5
A8: 6 | B8: Admitidos | C8: 0.5 | E8: 6 | F8: Admitidos | G8: 0.5 | I8: 6 | J8: Admitidos | K8: 0.5 | M8: 6 | N8: Admitidos | O8: 0.5 | U8: 6 | V8: Admitidos | W8: 0.5 | AC8: 6 | AD8: Admitidos | AE8: 0.5
A9: 7 | B9: Apoyos financieros, académicos u otros | C9: 0.5 | E9: 7 | F9: Apoyos financieros, académicos u otros | G9: 0.5 | I9: 7 | J9: Apoyos financieros, académicos u otros | K9: 0.5 | M9: 7 | N9: Apoyos financieros, académicos u otros | O9: 0.5 | U9: 7 | V9: Apoyos financieros, académicos u otros | W9: 0.5 | AC9: 7 | AD9: Apoyos financieros, académicos u otros | AE9: 0.5
A10: 8 | B10: Autoridades | C10: 0.5 | E10: 8 | F10: Aprobados Equidad | G10: 0.5 | I10: 8 | J10: Aprobados equidad | K10: 0.5 | M10: 8 | N10: Aprobados equidad | O10: 0.5 | U10: 8 | V10: Aprobados equidad | W10: 0.5 | AC10: 8 | AD10: Aprobados equidad | AE10: 0.5
A11: 9 | B11: Balance General y Estado de Resultado | C11: 0.5 | E11: 9 | F11: Aprobados Excelencia | G11: 0.5 | I11: 9 | J11: Aprobados excelencia | K11: 0.5 | M11: 9 | N11: Aprobados excelencia | O11: 0.5 | U11: 9 | V11: Aprobados excelencia | W11: 0.5 | AC11: 9 | AD11: Aprobados excelencia | AE11: 0.5
A12: 10 | B12: Centros de Investigación | C12: 0.5 | E12: 10 | F12: Audiencia de campañas | G12: 0.5 | I12: 10 | J12: Audiencia de campañas | K12: 0.5 | M12: 10 | N12: Audiencia de campañas | O12: 0.5 | U12: 10 | V12: Aprobados extemporáneos FSE | W12: 1 | AC12: 10 | AD12: Aprobados extemporáneos FSE | AE12: 1
A13: 11 | B13: Consultoría | C13: 0.5 | E13: 11 | F13: Autoridades | G13: 0.5 | I13: 11 | J13: Autoridades | K13: 0.5 | M13: 11 | N13: Autoridades | O13: 0.5 | U13: 11 | V13: Audiencia de campañas | W13: 0.5 | AC13: 11 | AD13: Audiencia de campañas | AE13: 0.5
A14: 12 | B14: Convenios Internacionales | C14: 0.5 | E14: 12 | F14: Balance General y Estado de Resultado | G14: 0.5 | I14: 12 | J14: Balance General y Estado de Resultado | K14: 0.5 | M14: 12 | N14: Balance general y estado de resultado | O14: 0.5 | U14: 12 | V14: Autoridades | W14: 0.5 | AC14: 12 | AD14: Autoridades | AE14: 0.5
... A76: 74 | B76: Valores de Matrícula IES Públicas desde 2018 | C76: 0.5 | E76: 74 | F76: Programas presenciales ofrecidos en el exterior | G76: 0.5 | I76: 74 | J76: Plan Único de Cuentas desde 2018 | K76: 0.5 | M76: 74 | N76: Otros derechos pecuniarios ies públicas desde 2018 | O76: 0.5 | U76: 74 | V76: Otras actividades de investigación | W76: 0.5 | AC76: 74 | AD76: Otras actividades de investigación | AE76: 0.5
E77: 75 | F77: Programas Ser Pilo Paga | G77: 0.5 | I77: 75 | J77: Productos de Investigación | K77: 0.5 | M77: 75 | N77: Participante | O77: 0.5 | U77: 75 | V77: Otros derechos pecuniarios ies privadas desde 2018 | W77: 0.5 | AC77: 75 | AD77: Otros derechos pecuniarios ies privadas desde 2018 | AE77: 0.5
E78: 76 | F78: Proyecto de Extensión | G78: 0.5 | I78: 76 | J78: Programas presenciales ofrecidos en el exterior | K78: 0.5 | M78: 76 | N78: Participante MEN | O78: 0.5 | U78: 76 | V78: Otros derechos pecuniarios ies públicas desde 2018 | W78: 0.5 | AC78: 76 | AD78: Otros derechos pecuniarios ies públicas desde 2018 | AE78: 0.5
E79: 77 | F79: Proyectos de Inversión | G79: 0.5 | I79: 77 | J79: Programas Ser Pilo Paga | K79: 0.5 | M79: 77 | N79: Personal administrativo | O79: 0.5 | U79: 77 | V79: Participante | W79: 0.5 | AC79: 77 | AD79: Participante | AE79: 0.5
E80: 78 | F80: Proyectos de Investigación | G80: 0.5 | I80: 78 | J80: Proyecto de Extensión | K80: 0.5 | M80: 78 | N80: Plan unico de cuentas (aplica hasta 2017) | O80: 0.5 | U80: 78 | V80: Participante MEN | W80: 0.5 | AC80: 78 | AD80: Participante MEN | AE80: 0.5
E81: 79 | F81: Recursos histórico | G81: 0.5 | I81: 79 | J81: Proyectos de Inversión | K81: 0.5 | M81: 79 | N81: Plan Único de Cuentas desde 2018 | O81: 0.5 | U81: 80 | V81: Plan unico de cuentas (aplica hasta 2017) | W81: 0.5 | AC81: 80 | AD81: Plan unico de cuentas (aplica hasta 2017) | AE81: 0.5
E82: 80 | F82: Redes de Investigación | G82: 0.5 | I82: 80 | J82: Proyectos de Investigación | K82: 0.5 | M82: 80 | N82: Productos de investigación | O82: 0.5 | U82: 81 | V82: Plan Único de Cuentas desde 2018 | W82: 0.5 | AC82: 81 | AD82: Plan Único de Cuentas desde 2018 | AE82: 0.5
E83: 81 | F83: Retiros Estudiantiles | G83: 0.5 | I83: 81 | J83: Recursos histórico | K83: 0.5 | M83: 81 | N83: Programas presenciales ofrecidos en el exterior | O83: 0.5 | U83: 82 | V83: Productos de investigación | W83: 0.5 | AC83: 82 | AD83: Productos de investigación | AE83: 0.5
E84: 82 | F84: Servicios de Extensión | G84: 0.5 | I84: 82 | J84: Redes de Investigación | K84: 0.5 | M84: 82 | N84: Programas ser pilo paga | O84: 0.5 | U84: 83 | V84: Programas medidas transitorias - decreto 1174 | W84: 0.5 | AC84: 83 | AD84: Programas medidas transitorias - decreto 1174 | AE84: 0.5
E85: 83 | F85: Unidad Organizacional | G85: 0.5 | I85: 83 | J85: Reporte especializaciones médico quirúrgicas | K85: 0.5 | M85: 83 | N85: Proyecto de extensión | O85: 0.5 | U85: 84 | V85: Programas presenciales ofrecidos en el exterior | W85: 0.5 | AC85: 84 | AD85: Programas presenciales ofrecidos en el exterior | AE85: 0.5
E86: 84 | F86: Valor Matrícula por programa hasta 2017 | G86: 0.5 | I86: 84 | J86: Retiros Estudiantiles | K86: 0.5 | M86: 84 | N86: Proyectos de inversión | O86: 0.5 | U86: 85 | V86: Programas ser pilo paga | W86: 0.5 | AC86: 85 | AD86: Programas ser pilo paga | AE86: 0.5
E87: 85 | F87: Valores de Matrícula IES Privadas desde 2018 | G87: 0.5 | I87: 85 | J87: Servicios de Extensión | K87: 0.5 | M87: 85 | N87: Proyectos de investigación | O87: 0.5 | U87: 86 | V87: Proyecto de extensión | W87: 0.5 | AC87: 86 | AD87: Proyecto de extensión | AE87: 0.5
E88: 86 | F88: Valores de Matrícula IES Públicas desde 2018 | G88: 0.5 | I88: 86 | J88: Unidad Organizacional | K88: 0.5 | M88: 86 | N88: Recursos histórico | O88: 0.5 | U88: 87 | V88: Proyectos de inversión | W88: 0.5 | AC88: 87 | AD88: Proyectos de inversión | AE88: 0.5
I89: 87 | J89: Vacunación | K89: 0.5 | M89: 87 | N89: Redes de investigación | O89: 0.5 | U89: 88 | V89: Proyectos de investigación | W89: 0.5 | AC89: 88 | AD89: Proyectos de investigación | AE89: 0.5
I90: 88 | J90: Valor Matrícula por programa hasta 2017 | K90: 0.5 | M90: 88 | N90: Reporte especializaciones médico quirúrgicas | O90: 0.5 | U90: 89 | V90: Recursos histórico | W90: 0.5 | AC90: 89 | AD90: Recursos histórico | AE90: 0.5
I91: 89 | J91: Valores de Matrícula IES Privadas desde 2018 | K91: 0.5 | M91: 89 | N91: Retiros estudiantiles | O91: 0.5 | U91: 90 | V91: Redes de investigación | W91: 0.5 | AC91: 90 | AD91: Redes de investigación | AE91: 0.5
I92: 90 | J92: Valores de Matrícula IES Públicas desde 2018 | K92: 0.5 | M92: 90 | N92: Servicios de extensión | O92: 0.5 | U92: 91 | V92: Reporte especializaciones médico quirúrgicas | W92: 0.5 | AC92: 91 | AD92: Reporte especializaciones médico quirúrgicas | AE92: 0.5
I93: 91 | J93: Vigencia Extendida | K93: 0.5 | M93: 91 | N93: Unidad organizacional | O93: 0.5 | U93: 92 | V93: Retiros estudiantiles | W93: 0.5 | AC93: 92 | AD93: Retiros estudiantiles | AE93: 0.5
M94: 92 | N94: Vacunación | O94: 0 | U94: 93 | V94: Servicios de extensión | W94: 0.5 | AC94: 93 | AD94: Servicios de extensión | AE94: 0.5
B95: REPORTES GENERALES | C95: PF | F95: REPORTES GENERALES | G95: PF | J95: REPORTES GENERALES | K95: PF | M95: 93 | N95: Valor matrícula por programa hasta 2017 | O95: 0.5 | U95: 94 | V95: Unidad organizacional | W95: 0.5 | AC95: 94 | AD95: Unidad organizacional | AE95: 0.5
A96: 1 | B96: Actividad Bienestar | C96: 0.5 | E96: 1 | F96: Actividad Bienestar | G96: 0.5 | I96: 1 | J96: Actividad Bienestar | K96: 0.5 | M96: 94 | N96: Valores de matrícula IES privadas desde 2018 | O96: 0.5 | U96: 95 | V96: Valor matrícula por programa hasta 2017 | W96: 0.5 | AC96: 95 | AD96: Valor matrícula por programa hasta 2017 | AE96: 0.5
A97: 2 | B97: Actividad Cultural | C97: 0.5 | E97: 2 | F97: Actividad Cultural | G97: 0.5 | I97: 2 | J97: Actividad Cultural | K97: 0.5 | M97: 95 | N97: Valores de matrícula IES públicas desde 2018 | O97: 0.5 | U97: 96 | V97: Valores de matrícula IES privadas desde 2018 | W97: 0.5 | AC97: 96 | AD97: Valores de matrícula IES privadas desde 2018 | AE97: 0.5
A98: 3 | B98: Admitidos | C98: 0.5 | E98: 3 | F98: Admitidos | G98: 0.5 | I98: 3 | J98: Administrativos | K98: 0.5 | M98: 96 | N98: Vigencia Extendida | O98: 0.5 | U98: 97 | V98: Valores de matrícula IES públicas desde 2018 | W98: 0.5 | AC98: 97 | AD98: Valores de matrícula IES públicas desde 2018 | AE98: 0.5
A99: 4 | B99: Apoyos de Estudiantes | C99: 0.5 | E99: 4 | F99: Apoyos de Estudiantes | G99: 0.5 | I99: 4 | J99: Admitidos | K99: 0.5 | U99: 98 | V99: Vigencia Extendida | W99: 0.5 | AC99: 98 | AD99: Vigencia Extendida | AE99: 0.5
A100: 5 | B100: Autoridades | C100: 0.5 | E100: 5 | F100: Autoridades | G100: 0.5 | I100: 5 | J100: Apoyos de Estudiantes | K100: 0.5 | M100: No. | N100: REPORTES GENERALES | O100: PF | AC100: 99 | AD100: Formato actualizar novedades gratuidad periodos cerrados ( cin 9 tipos de novedad) | AE100: 9
A101: 6 | B101: Balance General y Estado de Resultados | C101: 0.5 | E101: 6 | F101: Balance General y Estado de Resultados | G101: 0.5 | I101: 6 | J101: Autoridades | K101: 0.5 | M101: 1 | N101: Actividad Bienestar | O101: 0.5 | U101: No. | V101: REPORTES GENERALES | W101: PF
A102: 7 | B102: Centros de Investigación | C102: 0.5 | E102: 7 | F102: Calendario académico | G102: 0.5 | I102: 7 | J102: Balance General y Estado de Resultados | K102: 0.5 | M102: 2 | N102: Actividad Cultural | O102: 0.5 | U102: 1 | V102: Actividad Bienestar | W102: 0.5 | AC102: No. | AD102: REPORTES GENERALES | AE102: PF
A103: 8 | B103: Consultoría | C103: 0.5 | E103: 8 | F103: Centros de Investigación | G103: 0.5 | I103: 8 | J103: Calendario Académico | K103: 0.5 | M103: 3 | N103: Administrativos | O103: 0.5 | U103: 2 | V103: Actividad Cultural | W103: 0.5 | AC103: 1 | AD103: Actividad Bienestar | AE103: 0.5
A104: 9 | B104: Convenios Internacionales | C104: 0.5 | E104: 9 | F104: Consultoría | G104: 0.5 | I104: 9 | J104: Centros de Investigación | K104: 0.5 | M104: 4 | N104: Admitidos | O104: 0.5 | U104: 3 | V104: Administrativos | W104: 0.5 | AC104: 2 | AD104: Actividad Cultural | AE104: 0.5
A105: 10 | B105: Cupos | C105: 0.5 | E105: 10 | F105: Convenios Internacionales | G105: 0.5 | I105: 10 | J105: Consultoría | K105: 0.5 | M105: 5 | N105: Apoyos de Estudiantes | O105: 0.5 | U105: 4 | V105: Admitidos | W105: 0.5 | AC105: 3 | AD105: Administrativos | AE105: 0.5
A106: 11 | B106: Cursos | C106: 0.5 | E106: 11 | F106: Cupos | G106: 0.5 | I106: 11 | J106: Convenios Internacionales | K106: 0.5 | M106: 6 | N106: Autoridades | O106: 0.5 | U106: 5 | V106: Apoyos de Estudiantes | W106: 0.5 | AC106: 4 | AD106: Admitidos | AE106: 0.5
A107: 12 | B107: Derechos Pecuniarios hasta 2017 | C107: 0.5 | E107: 12 | F107: Cursos | G107: 0.5 | I107: 12 | J107: Cupos | K107: 0.5 | M107: 7 | N107: Balance General y Estado de Resultados | O107: 0.5 | U107: 6 | V107: Autoridades | W107: 0.5 | AC107: 5 | AD107: Apoyos de Estudiantes | AE107: 0.5
A108: 13 | B108: Derechos Pecuniarios IES Privadas | C108: 0.5 | E108: 13 | F108: Derechos Pecuniarios hasta 2017 | G108: 0.5 | I108: 13 | J108: Cursos | K108: 0.5 | M108: 8 | N108: Calendario Académico | O108: 0.5 | U108: 7 | V108: Balance General y Estado de Resultados | W108: 0.5 | AC108: 6 | AD108: Autoridades | AE108: 0.5
A109: 14 | B109: Derechos Pecuniarios IES Públicas | C109: 0.5 | E109: 14 | F109: Derechos Pecuniarios IES Privadas | G109: 0.5 | I109: 14 | J109: Derechos Pecuniarios hasta 2017 | K109: 0.5 | M109: 9 | N109: Caracterización política de gratuidad IES públicas | O109: 0.5 | U109: 8 | V109: Calendario Académico | W109: 0.5 | AC109: 7 | AD109: Balance General y Estado de Resultados | AE109: 0.5
A110: 15 | B110: Directivos | C110: 0.5 | E110: 15 | F110: Derechos Pecuniarios IES Públicas | G110: 0.5 | I110: 15 | J110: Derechos Pecuniarios IES Privadas | K110: 0.5 | M110: 10 | N110: Caracterización, causas de no acceso política de gratuidad IES públicas | O110: 0 | U110: 9 | V110: Calendario académico instituciones públicas | W110: 0.5 | AC110: 8 | AD110: Calendario Académico | AE110: 0.5
A111: 16 | B111: Docentes IES | C111: 0.5 | E111: 16 | F111: Directivos | G111: 0.5 | I111: 16 | J111: Derechos Pecuniarios IES Públicas | K111: 0.5 | M111: 11 | N111: Centros de Investigación | O111: 0.5 | U111: 10 | V111: Centros de Investigación | W111: 0.5 | AC111: 9 | AD111: Calendario académico instituciones públicas | AE111: 0.5
A112: 17 | B112: Docentes Universidad Pública | C112: 0.5 | E112: 17 | F112: Docentes IES | G112: 0.5 | I112: 17 | J112: Directivos | K112: 0.5 | M112: 12 | N112: Consultoría | O112: 0.5 | U112: 11 | V112: Consolidado EMQ | W112: 0.5 | AC112: 10 | AD112: Centros de Investigación | AE112: 0.5
A113: 18 | B113: Educación Continua | C113: 0.5 | E113: 18 | F113: Docentes Universidad Pública | G113: 0.5 | I113: 18 | J113: Docentes IES | K113: 0.5 | M113: 13 | N113: Convenios Internacionales | O113: 0.5 | U113: 12 | V113: Consultar Graduado | W113: 0.5 | AC113: 11 | AD113: Consolidado EMQ | AE113: 0.5
A114: 19 | B114: Estado Cambios Patrimonio IES Privadas | C114: 0.5 | E114: 19 | F114: Educación Continua | G114: 0.5 | I114: 19 | J114: Docentes Universidad Pública | K114: 0.5 | M114: 14 | N114: Cupos | O114: 0.5 | U114: 13 | V114: Consultar Muestreos No Localizados | W114: 0.5 | AC114: 12 | AD114: Consultar Graduado | AE114: 0.5
... A153: 58 | B153: Valores de Matrícula IES Públicas | C153: 0.5 | E153: 58 | F153: Proyecto de Extensión | G153: 0.5 | I153: 58 | J153: Proyectos de Inversión | K153: 0.5 | M153: 53 | N153: Mov de personal administrativo hacia Exterior | O153: 0.5 | U153: 52 | V153: Integrantes máximo órgano de gobierno | W153: 0.5 | AC153: 51 | AD153: Inscritos | AE153: 0.5
E154: 59 | F154: Proyectos de Inversión | G154: 0.5 | I154: 59 | J154: Proyectos de Investigación | K154: 0.5 | M154: 54 | N154: Movilidad de docentes del exterior hacia Colombia | O154: 0.5 | U154: 53 | V154: Matriculados | W154: 0.5 | AC154: 52 | AD154: Integrantes máximo órgano de gobierno | AE154: 0.5
E155: 60 | F155: Proyectos de Investigación | G155: 0.5 | I155: 60 | J155: Recurso Histórico | K155: 0.5 | M155: 55 | N155: Movilidad de docentes hacia el exterior | O155: 0.5 | U155: 54 | V155: Mov de personal administrativo hacia Colombia | W155: 0.5 | AC155: 53 | AD155: Matriculados | AE155: 0.5
E156: 61 | F156: Recurso Histórico | G156: 0.5 | I156: 61 | J156: Redes de Investigación | K156: 0.5 | M156: 56 | N156: Movilidad de estudiantes hacia el exterior | O156: 0.5 | U156: 55 | V156: Mov de personal administrativo hacia Exterior | W156: 0.5 | AC156: 54 | AD156: Mov de personal administrativo hacia Colombia | AE156: 0.5
E157: 62 | F157: Redes de Investigación | G157: 0.5 | I157: 62 | J157: Retiros Disciplinarios | K157: 0.5 | M157: 57 | N157: Movilidad estudiantes del exterior hacia Colombia | O157: 0.5 | U157: 56 | V157: Movilidad de docentes del exterior hacia Colombia | W157: 0.5 | AC157: 55 | AD157: Mov de personal administrativo hacia Exterior | AE157: 0.5
E158: 63 | F158: Retiros Disciplinarios | G158: 0.5 | I158: 63 | J158: Ser Pilo Paga | K158: 0.5 | M158: 58 | N158: Novedades matriculado política de gratuidad IES públicas | O158: 0.5 | U158: 57 | V158: Movilidad de docentes hacia el exterior | W158: 0.5 | AC158: 56 | AD158: Movilidad de docentes del exterior hacia Colombia | AE158: 0.5
E159: 64 | F159: Ser Pilo Paga | G159: 0.5 | I159: 64 | J159: Servicios de Extensión | K159: 0.5 | M159: 59 | N159: Otras Actividades de Investigación | O159: 0.5 | U159: 58 | V159: Movilidad de estudiantes hacia el exterior | W159: 0.5 | AC159: 57 | AD159: Movilidad de docentes hacia el exterior | AE159: 0.5
E160: 65 | F160: Servicios de Extensión | G160: 0.5 | I160: 65 | J160: Situación Financiera Consolidado | K160: 0.5 | M160: 60 | N160: Participante | O160: 0.5 | U160: 59 | V160: Movilidad estudiantes del exterior hacia Colombia | W160: 0.5 | AC160: 58 | AD160: Movilidad de estudiantes hacia el exterior | AE160: 0.5
E161: 66 | F161: Unidad Organizacional | G161: 0.5 | I161: 66 | J161: Unidad Organizacional | K161: 0.5 | M161: 61 | N161: Productos de Investigación | O161: 0.5 | U161: 60 | V161: Novedades matriculado política de gratuidad IES públicas | W161: 0.5 | AC161: 59 | AD161: Movilidad estudiantes del exterior hacia Colombia | AE161: 0.5
E162: 67 | F162: Valor Matrícula hasta 2017 | G162: 0.5 | I162: 67 | J162: Vacunación | K162: 0.5 | M162: 62 | N162: Programas presenciales ofrecidos en el exterior | O162: 0.5 | U162: 61 | V162: Otras Actividades de Investigación | W162: 0.5 | AC162: 60 | AD162: Novedades matriculado política de gratuidad IES públicas | AE162: 0.5
E163: 68 | F163: Valores de Matrícula IES Privadas | G163: 0.5 | I163: 68 | J163: Valor Matrícula hasta 2017 | K163: 0.5 | M163: 63 | N163: Proyecto de Extensión | O163: 0.5 | U163: 62 | V163: Participante | W163: 0.5 | AC163: 61 | AD163: Otras Actividades de Investigación | AE163: 0.5
E164: 69 | F164: Valores de Matrícula IES Públicas | G164: 0.5 | I164: 69 | J164: Valores de Matrícula IES Privadas | K164: 0.5 | M164: 64 | N164: Proyectos de Inversión | O164: 0.5 | U164: 63 | V164: Productos de Investigación | W164: 0.5 | AC164: 62 | AD164: Participante | AE164: 0.5
I165: 70 | J165: Valores de Matrícula IES Públicas | K165: 0.5 | M165: 65 | N165: Proyectos de Investigación | O165: 0.5 | U165: 64 | V165: Programas presenciales ofrecidos en el exterior | W165: 0.5 | AC165: 63 | AD165: Productos de Investigación | AE165: 0.5
I166: 71 | J166: Vigencia Extendida | K166: 0.5 | M166: 66 | N166: Recurso Histórico | O166: 0.5 | U166: 65 | V166: Proyecto de Extensión | W166: 0.5 | AC166: 64 | AD166: Programas presenciales ofrecidos en el exterior | AE166: 0.5
M167: 67 | N167: Redes de Investigación | O167: 0.5 | U167: 66 | V167: Proyectos de Inversión | W167: 0.5 | AC167: 65 | AD167: Proyecto de Extensión | AE167: 0.5
B168: REPORTES DE INFORMACIÓN TOTAL POR SOLICITUD 1 A 1 | C168: PF | F168: REPORTES DE INFORMACIÓN TOTAL POR SOLICITUD 1 A 1 | G168: PF | J168: REPORTES DE INFORMACIÓN TOTAL POR SOLICITUD 1 A 1 (24) | K168: PF | M168: 68 | N168: Reporte calendario academico | O168: 0.5 | U168: 67 | V168: Proyectos de Investigación | W168: 0.5 | AC168: 66 | AD168: Proyectos de Inversión | AE168: 0.5
A169: 1 | B169: Admitídos | C169: 1 | E169: 1 | F169: Admitidos | G169: 1 | I169: 1 | J169: Admitídos | K169: 1 | M169: 69 | N169: Reporte especializaciones médico quirúrgicas | O169: 0.5 | U169: 68 | V169: Recurso Histórico | W169: 0.5 | AC169: 67 | AD169: Proyectos de Investigación | AE169: 0.5
A170: 2 | B170: Docentes | C170: 1 | E170: 2 | F170: Apoyos estudiantiles | G170: 1 | I170: 2 | J170: Apoyos estudiantiles | K170: 1 | M170: 70 | N170: Retiros Disciplinarios | O170: 0.5 | U170: 69 | V170: Redes de Investigación | W170: 0.5 | AC170: 68 | AD170: Recurso Histórico | AE170: 0.5
A171: 3 | B171: Estudiantes Primer Curso | C171: 1 | E171: 3 | F171: Convenios Internacionales | G171: 1 | I171: 3 | J171: Convenios Internacionales | K171: 1 | M171: 71 | N171: Servicios de Extensión | O171: 0.5 | U171: 70 | V171: Reporte calendario academico | W171: 0.5 | AC171: 69 | AD171: Redes de Investigación | AE171: 0.5
A172: 4 | B172: Graduados | C172: 1 | E172: 4 | F172: Docentes IES | G172: 1 | I172: 4 | J172: Docentes IES | K172: 1 | M172: 72 | N172: Situación Financiera Consolidado | O172: 0.5 | U172: 71 | V172: Reporte especializaciones médico quirúrgicas | W172: 0.5 | AC172: 70 | AD172: Reporte calendario academico | AE172: 0.5
A173: 5 | B173: Graduados Total | C173: 1 | E173: 5 | F173: Docentes IES Públicas | G173: 1 | I173: 5 | J173: Docentes IES Públicas | K173: 1 | M173: 73 | N173: Unidad Organizacional | O173: 0.5 | U173: 72 | V173: Retiros Disciplinarios | W173: 0.5 | AC173: 71 | AD173: Reporte especializaciones médico quirúrgicas | AE173: 0.5
A174: 6 | B174: Inscríto_programa | C174: 1 | E174: 6 | F174: Estudiante Ser Pilo Paga | G174: 1 | I174: 6 | J174: Estudiante Ser Pilo Paga | K174: 1 | M174: 74 | N174: Vacunación | O174: 0 | U174: 73 | V174: Servicios de Extensión | W174: 0.5 | AC174: 72 | AD174: Retiros Disciplinarios | AE174: 0.5
A175: 7 | B175: Inscritos | C175: 1 | E175: 7 | F175: Estudiantes Primer Curso | G175: 1 | I175: 7 | J175: Estudiantes Primer Curso | K175: 1 | M175: 75 | N175: Valor Matrícula hasta 2017 | O175: 0.5 | U175: 74 | V175: Situación Financiera Consolidado | W175: 0.5 | AC175: 73 | AD175: Servicios de Extensión | AE175: 0.5
A176: 8 | B176: Matriculados | C176: 1 | E176: 8 | F176: Graduados | G176: 1 | I176: 8 | J176: Graduados | K176: 1 | M176: 76 | N176: Valores de Matrícula IES Privadas | O176: 0.5 | U176: 75 | V176: Unidad Organizacional | W176: 0.5 | AC176: 74 | AD176: Situación Financiera Consolidado | AE176: 0.5
A177: 9 | B177: Participantes | C177: 1 | E177: 9 | F177: IES Ser Pilo Paga | G177: 1 | I177: 9 | J177: IES Ser Pilo Paga | K177: 1 | M177: 77 | N177: Valores de Matrícula IES Públicas | O177: 0.5 | U177: 76 | V177: Valor Matrícula hasta 2017 | W177: 0.5 | AC177: 75 | AD177: Unidad Organizacional | AE177: 0.5
A178: 10 | B178: Unificación de Documentos | C178: 1 | E178: 10 | F178: Inscríto_programa | G178: 1 | I178: 10 | J178: Inscríto_programa | K178: 1 | M178: 78 | N178: Vigencia Extendida | O178: 0.5 | U178: 77 | V178: Valores de Matrícula IES Privadas | W178: 0.5 | AC178: 76 | AD178: Valor Matrícula hasta 2017 | AE178: 0.5
E179: 11 | F179: Inscrítos | G179: 1 | I179: 11 | J179: Inscrítos | K179: 1 | U179: 78 | V179: Valores de Matrícula IES Públicas | W179: 0.5 | AC179: 77 | AD179: Valores de Matrícula IES Privadas | AE179: 0.5
E180: 12 | F180: Materias Matriculado | G180: 1 | I180: 12 | J180: Materias Matriculado | K180: 1 | M180: No. | N180: REPORTES DE INFORMACIÓN TOTAL POR SOLICITUD 1 A 1 | O180: PF | U180: 79 | V180: Vigencia Extendida | W180: 0.5 | AC180: 78 | AD180: Valores de Matrícula IES Públicas | AE180: 0.5
E181: 13 | F181: Matriculados | G181: 1 | I181: 13 | J181: Matriculados | K181: 1 | M181: 1 | N181: Admitídos | O181: 1 | AC181: 79 | AD181: Vigencia Extendida | AE181: 0.5
E182: 14 | F182: Movilidad administrativos hacia Colombia | G182: 1 | I182: 14 | J182: Movilidad administrativos hacia Colombia | K182: 1 | M182: 2 | N182: Apoyos estudiantiles | O182: 1 | U182: No. | V182: REPORTES DE INFORMACIÓN TOTAL POR SOLICITUD 1 A 1 | W182: PF
E183: 15 | F183: Movilidad administrativos hacia el exterior | G183: 1 | I183: 15 | J183: Movilidad administrativos hacia el exterior | K183: 1 | M183: 3 | N183: Convenios Internacionales | O183: 1 | U183: 1 | V183: Admitídos | W183: 1 | AC183: No. | AD183: REPORTES DE INFORMACIÓN TOTAL POR SOLICITUD 1 A 1 | AE183: PF
E184: 16 | F184: Movilidad docentes hacia Colombia | G184: 1 | I184: 16 | J184: Movilidad docentes hacia Colombia | K184: 1 | M184: 4 | N184: Docentes IES | O184: 1 | U184: 2 | V184: Apoyos estudiantiles | W184: 1 | AC184: 1 | AD184: Admitídos | AE184: 1
E185: 17 | F185: Movilidad docentes hacia el exterior | G185: 1 | I185: 17 | J185: Movilidad docentes hacia el exterior | K185: 1 | M185: 5 | N185: Docentes IES Públicas | O185: 1 | U185: 3 | V185: Convenios Internacionales | W185: 1 | AC185: 2 | AD185: Apoyos estudiantiles | AE185: 1
E186: 18 | F186: Movilidad estudiantes hacia Colombia | G186: 1 | I186: 18 | J186: Movilidad estudiantes hacia Colombia | K186: 1 | M186: 6 | N186: Estudiante Ser Pilo Paga | O186: 1 | U186: 4 | V186: Docentes IES | W186: 1 | AC186: 3 | AD186: Convenios Internacionales | AE186: 1
E187: 19 | F187: Movilidad estudiantes hacia el exterior | G187: 1 | I187: 19 | J187: Movilidad estudiantes hacia el exterior | K187: 1 | M187: 7 | N187: Estudiantes Primer Curso | O187: 1 | U187: 5 | V187: Docentes IES Públicas | W187: 1 | AC187: 4 | AD187: Docentes IES | AE187: 1
E188: 20 | F188: Participantes | G188: 1 | I188: 20 | J188: Participantes | K188: 1 | M188: 8 | N188: Graduados | O188: 1 | U188: 6 | V188: Estudiante Ser Pilo Paga | W188: 1 | AC188: 5 | AD188: Docentes IES Públicas | AE188: 1
E189: 21 | F189: Programas en el exterior | G189: 1 | I189: 21 | J189: Programas en el exterior | K189: 1 | M189: 9 | N189: IES Ser Pilo Paga | O189: 1 | U189: 7 | V189: Estudiantes Primer Curso | W189: 1 | AC189: 6 | AD189: Estudiante Ser Pilo Paga | AE189: 1
E190: 22 | F190: Programas Ser Pilo Paga | G190: 1 | I190: 22 | J190: Programas Ser Pilo Paga | K190: 1 | M190: 10 | N190: Inscríto_programa | O190: 1 | U190: 8 | V190: Graduados | W190: 1 | AC190: 7 | AD190: Estudiantes Primer Curso | AE190: 1
E191: 23 | F191: Retiros Estudiantiles | G191: 1 | I191: 23 | J191: Retiros Estudiantiles | K191: 1 | M191: 11 | N191: Inscrítos | O191: 1 | U191: 9 | V191: IES Ser Pilo Paga | W191: 1 | AC191: 8 | AD191: Graduados | AE191: 1
E192: 24 | F192: Unificación de Documentos | G192: 1 | I192: 24 | J192: Unificación de Documentos | K192: 1 | M192: 12 | N192: Materias Matriculado | O192: 1 | U192: 10 | V192: Inscríto_programa | W192: 1 | AC192: 9 | AD192: IES Ser Pilo Paga | AE192: 1
M193: 13 | N193: Matriculados | O193: 1 | U193: 11 | V193: Inscrítos | W193: 1 | AC193: 10 | AD193: Inscríto_programa | AE193: 1
M194: 14 | N194: Movilidad administrativos hacia Colombia | O194: 1 | U194: 12 | V194: Materias Matriculado | W194: 1 | AC194: 11 | AD194: Inscrítos | AE194: 1
B195: REPORTES AUDITORIA | C195: PF | F195: REPORTES AUDITORIA | G195: PF | J195: REPORTES SEGUIMIENTO | K195: PF | M195: 15 | N195: Movilidad administrativos hacia el exterior | O195: 1 | U195: 13 | V195: Matriculados | W195: 1 | AC195: 12 | AD195: Materias Matriculado | AE195: 1
A196: 1 | B196: Intentos de Cargue Matriculados | C196: 0.5 | E196: 1 | F196: Intentos de Cargue Matriculados | G196: 0.5 | I196: 1 | J196: Intentos de Cargue Matriculados | K196: 0.5 | M196: 16 | N196: Movilidad docentes hacia Colombia | O196: 1 | U196: 14 | V196: Movilidad administrativos hacia Colombia | W196: 1 | AC196: 13 | AD196: Matriculados | AE196: 1
A197: 2 | B197: Intentos de Cargue Otros Derechos Pecuniarios | C197: 0.5 | E197: 2 | F197: Intentos de Cargue Otros Derechos Pecuniarios | G197: 0.5 | I197: 2 | J197: Intentos de Cargue Otros Derechos Pecuniarios | K197: 0.5 | M197: 17 | N197: Movilidad docentes hacia el exterior | O197: 1 | U197: 15 | V197: Movilidad administrativos hacia el exterior | W197: 1 | AC197: 14 | AD197: Movilidad administrativos hacia Colombia | AE197: 1
A198: 3 | B198: Intentos de cargue por plantilla | C198: 0.5 | E198: 3 | F198: Intentos de cargue por plantilla | G198: 0.5 | I198: 3 | J198: Intentos de cargue por plantilla | K198: 0.5 | M198: 18 | N198: Movilidad estudiantes hacia Colombia | O198: 1 | U198: 16 | V198: Movilidad docentes hacia Colombia | W198: 1 | AC198: 15 | AD198: Movilidad administrativos hacia el exterior | AE198: 1
A199: 4 | B199: Intentos de Cargue Ppto Privadas desde 2017 | C199: 0.5 | E199: 4 | F199: Intentos de Cargue Ppto Privadas desde 2017 | G199: 0.5 | I199: 4 | J199: Intentos de Cargue Ppto Privadas desde 2017 | K199: 0.5 | M199: 19 | N199: Movilidad estudiantes hacia el exterior | O199: 1 | U199: 17 | V199: Movilidad docentes hacia el exterior | W199: 1 | AC199: 16 | AD199: Movilidad docentes hacia Colombia | AE199: 1
...

Sheet Resumen
D2: PLANTILLAS OPERATIVAS | F2: REPORTES GENERALES | H2: REPORTES DE INFORMACIÓN TOTAL POR SOLICITUD 1 A 1 (24) | J2: REPORTES SEGUIMIENTO, FINANCIEROS, GRATUIDAD Y OTROS | L2: TABLEROS, CONSULTAS ESPECIALES Y COMPONENTES ASOCIADOS | N2: MODULOS Y PROCESO ESPECIALES
D3: CANTIDAD | E3: PUNTOS DE FUNCIÓN | F3: CANTIDAD | G3: PUNTOS DE FUNCIÓN | H3: CANTIDAD | I3: PUNTOS DE FUNCIÓN | J3: CANTIDAD | K3: PUNTOS DE FUNCIÓN | L3: CANTIDAD | M3: PUNTOS DE FUNCIÓN | N3: CANTIDAD | O3: PUNTOS DE FUNCIÓN
C4: 2019 | D4: 74 | E4: =SUM('PF 2010.2021 HECaa'!C3:C76) -> 37 | F4: 58 | G4: =SUM('PF 2010.2021 HECaa'!C96:C153) -> 29 | H4: 10 | I4: =SUM('PF 2010.2021 HECaa'!C169:C178) -> 10 | J4: 38 | K4: =SUM('PF 2010.2021 HECaa'!C196:C254) -> 28 | L4: 10 | M4: =SUM('PF 2010.2021 HECaa'!C257:C266) -> 38 | N4: N/a | O4: N/a
C5: 2020 | D5: 86 | E5: =SUM('PF 2010.2021 HECaa'!G3:G88) -> 43 | F5: 69 | G5: =SUM('PF 2010.2021 HECaa'!G96:G164) -> 34.5 | H5: 24 | I5: =SUM('PF 2010.2021 HECaa'!G169:G192) -> 24 | J5: 39 | K5: =SUM('PF 2010.2021 HECaa'!G196:G253) -> 28.5 | L5: 9 | M5: =SUM('PF 2010.2021 HECaa'!G257:G266) -> 22 | N5: 12 | O5: =SUM('PF 2010.2021 HECaa'!G273:G287) -> 49
C6: 2021 | D6: 91 | E6: =SUM('PF 2010.2021 HECaa'!K3:K93) -> 45.5 | F6: 71 | G6: =SUM('PF 2010.2021 HECaa'!K96:K166) -> 35.5 | H6: 24 | I6: =SUM('PF 2010.2021 HECaa'!K169:K192) -> 24 | J6: 52 | K6: =SUM('PF 2010.2021 HECaa'!K196:K253) -> 35.5 | L6: 14 | M6: =SUM('PF 2010.2021 HECaa'!K257:K270) -> 29 | N6: 28 | O6: =SUM('PF 2010.2021 HECaa'!K273:K300) -> 103
C7: 2022 | D7: 96 | E7: 46.5 | F7: 78 | G7: 37.5 | H7: 24 | I7: 24 | J7: =12+15+12+12+8 -> 59 | K7: 46 | L7: 15 | M7: 29 | N7: 30 | O7: 133
C8: 2023 | D8: 98 | E8: 49.5 | F8: 79 | G8: 39.5 | H8: 24 | I8: 24 | J8: 65 | K8: 50 | L8: 15 | M8: 36 | N8: 30 | O8: 156
C9: 2024 | D9: 99 | E9: 58.5 | F9: 79 | G9: 39.5 | H9: 24 | I9: 24 | J9: 65 | K9: 50 | L9: 17 | M9: 50 | N9: 31 | O9: 188
D13: FUNCIONALIDADE DEL SNIES | F13: 2019 | G13: 2020 | H13: 2021 | I13: 2022 | J13: 2023 | K13: 2024
D14: PLANTILLAS OPERATIVAS | F14: =E4 -> 37 | G14: =E5 -> 43 | H14: =E6 -> 45.5 | I14: =E7 -> 46.5 | J14: =E8 -> 49.5 | K14: =E9 -> 58.5 | N14: VIGENCIA | O14: Tamaño de Software | P14: % crecimiento | Q14: Incremento para el siguiente año
D15: REPORTES GENERALES | F15: =G4 -> 29 | G15: =G5 -> 34.5 | H15: =G6 -> 35.5 | I15: =G7 -> 37.5 | J15: =G8 -> 39.5 | K15: =G9 -> 39.5 | N15: Año 2019 | O15: =SUM(F14:F19) -> 142 | P15: N/A
D16: REPORTES DE INFORMACIÓN TOTAL POR SOLICITUD 1 A 1 (24) | F16: =I4 -> 10 | G16: =I5 -> 24 | H16: =I6 -> 24 | I16: =I7 -> 24 | J16: =I8 -> 24 | K16: =I9 -> 24 | N16: Año 2020 | O16: =SUM(G14:G19) -> 201 | P16: =O16/O15-1 -> 0.41549296
D17: REPORTES SEGUIMIENTO, FINANCIEROS, GRATUIDAD Y OTROS | F17: =K4 -> 28 | G17: =K5 -> 28.5 | H17: =K6 -> 35.5 | I17: =K7 -> 46 | J17: =K8 -> 50 | K17: =K9 -> 50 | N17: Año 2021 | O17: =SUM(H14:H19) -> 272.5 | P17: =O17/O16-1 -> 0.35572139
D18: TABLEROS, CONSULTAS ESPECIALES Y COMPONENTES ASOCIADOS | F18: =M4 -> 38 | G18: =M5 -> 22 | H18: =M6 -> 29 | I18: =M7 -> 29 | J18: =M8 -> 36 | K18: =M9 -> 50 | N18: Año 2022 | O18: =SUM(I14:I19) -> 316 | P18: =O18/O17-1 -> 0.15963303 | Q18: 0.035
D19: MODULOS Y PROCESOS ESPECIALES | F19: =O4 -> N/a | G19: =O5 -> 49 | H19: =O6 -> 103 | I19: =O7 -> 133 | J19: =O8 -> 156 | K19: =O9 -> 188 | N19: Año 2023 | O19: =SUM(J14:J19) -> 355 | P19: =O19/O18-1 -> 0.12341772 | Q19: 0.045
D20: TOTAL | F20: =SUM(F14:F19) -> 142 | G20: =SUM(G14:G19) -> 201 | H20: =SUM(H14:H19) -> 272.5 | I20: =SUM(I14:I19) -> 316 | J20: =SUM(J14:J19) -> 355 | K20: =SUM(K14:K19) -> 410 | N20: Año 2024 | O20: =SUM(K14:K19) -> 410 | P20: =O20/O19-1 -> 0.15492958 | Q20: 0.092
